 Dungeon Crawl Stone Soup version 0.17-a0-1805-g6093636 (webtiles) character file.

2723 TruthSerum the Fighter (level 9, -5/89 HPs)
             Began as a Minotaur Fighter on Sept 13, 2015.
             Was a Believer of Ashenzari.
             Slain by a warg (9 damage)
             ... on level 8 of the Dungeon.
             The game lasted 00:29:20 (4974 turns).

TruthSerum the Fighter (Minotaur Fighter)           Turns: 4974, Time: 00:29:20

Health: -5/89      AC: 12    Str: 27    XL:     9   Next: 40%
Magic:  8/8        EV:  8    Int:  3    God:    Ashenzari [**....]
Gold:   155        SH: 10    Dex: 12    Spells: 0 memorised, 8 levels left

rFire  . . .     SeeInvis .     i - +0 war axe (curse)
rCold  + . .     Clarity  .     x - +2 ring mail of Dithmenos's Delight {+Blink} (curse)
rNeg   . . .     SustAt   +     c - +0 shield
rPois  .         Gourm    +     (helmet restricted)
rElec  .         Spirit   .     (no cloak)
rCorr  +         Warding  .     P - +0 pair of gloves "Vopiass" {rC+ rCorr Int-2} (curse)
rMut   .         Stasis   .     G - +2 pair of boots (curse)
MR     .....                    h - amulet of the gourmand
Stlth  +.........               (no ring)
                                k - ring of sustain attributes

@: mighty, not resistant to hostile enchantments, very unstealthy
A: retaliatory headbutt, horns 2
a: Scrying, Renounce Religion, Evoke Blink


You were on level 8 of the Dungeon.
You worshipped Ashenzari.
Ashenzari was pleased with you.
You were very hungry.

You visited 1 branch of the dungeon, and saw 8 of its levels.

You collected 353 gold pieces.
You spent 198 gold pieces at shops.

Inventory:

Hand weapons
 a - a +0 war axe
 i - a cursed +0 war axe (weapon)
Armour
 b - a +0 chain mail
 c - a +0 shield (worn)
 x - the cursed +2 ring mail of Dithmenos's Delight (worn) {+Blink}
   (You bought it in a shop on level 4 of the Dungeon)

   It lets you blink.
   It has a curse placed upon it.
 G - a cursed +2 pair of boots (worn)
 P - the cursed +0 pair of gloves "Vopiass" (worn) {rC+ rCorr Int-2}
   (You found it on level 7 of the Dungeon)

   It affects your intelligence (-2).
   It protects you from cold.
   It protects you from acid and corrosion.
   It has a curse placed upon it.
Jewellery
 h - an amulet of the gourmand (around neck)
 k - a ring of sustain attributes (left hand)
 E - an uncursed amulet of warding
 L - an uncursed ring of see invisible
Magical devices
 r - a wand of random effects (29)
 A - a wand of frost (37)
 N - a wand of frost (25)
 O - a wand of flame (17)
 Q - a wand of slowing (30)
Scrolls
 f - a scroll of fog {unknown}
 l - a scroll of enchant weapon {unknown}
 m - 2 scrolls of blinking {unknown}
 n - a scroll of magic mapping {unknown}
 o - 2 scrolls of immolation {unknown}
 p - 3 scrolls of enchant armour {unknown}
 s - a scroll of remove curse
 v - 3 scrolls of identify
 B - a scroll of fear {unknown}
 C - a scroll of random uselessness {unknown}
 D - a scroll of amnesia {unknown}
 I - a scroll of recharging {unknown}
 K - 2 scrolls of acquirement {unknown}
 R - 3 scrolls of curse weapon
 S - a scroll of teleportation {unknown}
Potions
 d - a potion of might
 j - a potion of resistance
 q - 2 potions of flight
 t - a potion of curing
 u - a potion of berserk rage
 w - a potion of agility
 F - a potion of ambrosia {unknown}
 J - a potion of cancellation {unknown}
 M - a potion of heal wounds {unknown}
Books
 y - a book of Summonings

   Spells                             Type                      Level
   a - Recall                         Summoning/Translocation      3
   b - Aura of Abjuration             Summoning                    5
   c - Shadow Creatures               Summoning                    5
   d - Summon Demon                   Summoning                    5
   e - Summon Forest                  Summoning/Translocation      5
   f - Summon Mana Viper              Hexes/Summoning              5
Comestibles
 e - 8 bread rations
 g - 4 slices of pizza
 z - 2 beef jerkies
 H - a royal jelly


   Skills:
 + Level 11.2 Fighting
 + Level 11.1(13.2) Axes
 - Level 3.6(5.0) Armour
 - Level 3.6 Shields


You had 8 spell levels left.
You didn't know any spells.

Dungeon Overview and Level Annotations

Branches:
Dungeon (8/15)             Temple (0/1) D:5
   Lair: D:8-11

Altars:
Ashenzari
Dithmenos
Elyvilon
Fedhas
Nemelex Xobeh
Okawaru
Sif Muna
Trog
The Shining One

Shops:
D:4 ([   D:5 !   D:7 ?


Innate Abilities, Weirdness & Mutations

You reflexively headbutt those who attack you in melee.
You have a pair of horns on your head.


Message History

* * * LOW HITPOINT WARNING * * *
The warg closely misses you.
Your shield prevents you from hitting the warg.
Your headbutt misses the warg.
The warg is moderately wounded.
The warg bites you.
* * * LOW HITPOINT WARNING * * *
You slash the warg! You headbutt the warg!
The warg is severely wounded.
The warg barely misses you.
You closely miss the warg.
The warg is severely wounded.
The warg bites you but does no damage.
You slash the warg!
You kill the warg!
The warg barely misses you.
You hit the warg. You headbutt the warg!!
The warg is severely wounded.
The warg bites you!
You die...

..##* ###..### *
**, * ##...## #. .
, ###..###... , ..
* ####..^..# ... *
####.##..####, ,
...,, ##.......##
* , , ..
#........# ** , ,,
#o####........# ,
, *#oh@..........#
, *
*#####.........#*,
** #.........## ,
#..........#{_,
#..........# ⌠,
#..........#, ,
#..........# ,
##.........# ,
#.........# * ,


You could see a warg and 2 orcs.

Vanquished Creatures
  Sigmund (D:3)
  2 wargs (D:8)
  The ghost of DailyAlice the Chopper, an average FoFi of Zin (D:3)
  A hippogriff (D:7)
  A black bear (D:6)
  A necrophage (D:7)
  An ice beast (D:7)
  2 ogres (D:5)
  A big kobold (D:7)
  4 giant frogs
  5 scorpions
  6 killer bees (D:7)
  3 crimson imps
  A quasit (D:8)
  2 orc priests
  5 orc wizards
  A centaur skeleton (D:5)
  2 hounds
  5 worker ants
  4 gnolls
  8 adders
  A shadow imp (D:5)
  4 oozes
  An adder skeleton (D:8)
  2 worms
  8 giant geckos
  25 orcs
  A ball python (D:1)
  4 bats
  3 giant cockroaches
  6 goblins
  7 hobgoblins
  2 quokkas
  A giant gecko skeleton (D:5)
  3 giant newts (D:1)
  A jackal zombie (D:8)
  12 kobolds
  A quokka skeleton (D:5)
  39 rats
178 creatures vanquished.

Notes
Turn   | Place    | Note
--------------------------------------------------------------
     0 | D:1      | TruthSerum the Minotaur Fighter began the quest for the Orb.
     0 | D:1      | Reached XP level 1. HP: 19/19 MP: 0/0
    94 | D:1      | Reached skill level 4 in Fighting
    94 | D:1      | Reached XP level 2. HP: 18/27 MP: 1/1
   392 | D:1      | Reached XP level 3. HP: 18/34 MP: 2/2
   577 | D:2      | Found a shadowy altar of Dithmenos.
   968 | D:3      | Noticed DailyAlice's ghost (average FoFi)
   976 | D:3      | Killed DailyAlice's ghost
   976 | D:3      | Reached skill level 5 in Fighting
   976 | D:3      | Reached skill level 5 in Axes
   976 | D:3      | Reached XP level 4. HP: 8/44 MP: 3/3
   976 | D:3      | Reached XP level 5. HP: 9/50 MP: 4/4
  1306 | D:3      | Found a faded altar to an unknown god.
  1323 | D:3      | Became a worshipper of Ashenzari the Shackled
  1323 | D:3      | Acquired Ashenzari's first power
  1554 | D:3      | Reached skill level 6 in Fighting
  1738 | D:3      | Found a deep blue altar of Sif Muna.
  1829 | D:3      | Reached XP level 6. HP: 53/57 MP: 5/5
  1917 | D:3      | Noticed Sigmund
  1934 | D:3      | Killed Sigmund
  2288 | D:4      | Found a sparkling altar of Nemelex Xobeh.
  2297 | D:4      | Reached skill level 7 in Fighting
  2329 | D:4      | Acquired Ashenzari's second power
  2552 | D:4      | Reached XP level 7. HP: 66/66 MP: 6/6
  2605 | D:4      | Found Petropu's Antique Weapon Emporium.
  2638 | D:4      | Found Xievoaqail's Antique Armour Shop.
  2928 | D:4      | Found a white marble altar of Elyvilon.
  3036 | D:5      | Entered Level 5 of the Dungeon
  3102 | D:5      | Reached skill level 8 in Fighting
  3127 | D:5      | Found a staircase to the Ecumenical Temple.
  3154 | D:5      | Found a bloodstained altar of Trog.
  3180 | D:5      | Found Xuprumy's Distillery.
  3325 | D:5      | Reached XP level 8. HP: 73/75 MP: 7/7
  3362 | D:4      | Found Petropu's Antique Weapon Emporium.
  3373 | D:4      | Found Xievoaqail's Antique Armour Shop.
  3511 | D:4      | Bought a slimy ring mail for 198 gold pieces
  3521 | D:4      | Identified the +2 ring mail of Dithmenos's Delight {+Blink} (You bought it in a shop on level 4 of the Dungeon)
  3566 | D:5      | Reached skill level 9 in Fighting
  4128 | D:7      | Reached skill level 10 in Fighting
  4128 | D:7      | Reached skill level 10 in Axes
  4283 | D:7      | Found a blossoming altar of Fedhas.
  4340 | D:7      | Found Ihaest's Magic Scroll Shoppe.
  4354 | D:7      | Got the uncursed pair of gloves "Vopiass" {rC+ rCorr Int-2}
  4360 | D:7      | Identified the +0 pair of gloves "Vopiass" {rC+ rCorr Int-2} (You found it on level 7 of the Dungeon)
  4499 | D:7      | Reached XP level 9. HP: 84/86 MP: 8/8
  4833 | D:8      | Found a glowing golden altar of the Shining One.
  4874 | D:8      | Found an iron altar of Okawaru.
  4961 | D:8      | Reached skill level 11 in Fighting
  4970 | D:8      | HP: 3/89 [warg (5)]
  4974 | D:8      | Slain by a warg

Vault maps used:
D:1:      moated_graveyard_arrival
D:2:      nicolae_overflow_crystal_walls, minivault_27
D:3:      led_sif_pool, ecumenical_altar_2, minmay_rats_cheesy_pizza,
          uniq_sigmund
D:4:      nemelex_deck, lemuel_round_altar, first_bread, serial_shops,
          nicolae_shop_trees, shop
D:5:      lemuel_doored_altar, minmay_temple_entry_glassed_door, serial_shops,
          nicolae_shop_trees
D:7:      fedhas_altar_4, serial_shops, nicolae_shop_behind_doors, minivault_24
D:8:      kennysheep_vampire_church, okawaru_ov_weapons_minmay, tso_metal_star,
          erik_lair_orcish_takeover, uniq_prince_ribbit1

Action                   |  1- 3 |  4- 6 |  7- 9 || total
-------------------------+-------+-------+-------++-------
Melee: War axe           |    72 |   106 |   278 ||   456
  Use: Scroll            |     4 |       |     6 ||    10
       Potion            |     1 |     1 |     1 ||     3
  Eat: Chunk             |     9 |     4 |     7 ||    20
